 Dungeon Crawl Stone Soup version 0.22.1-1-ga44c0e5 (webtiles) character file.

7 Monsterracer the Magician (level 2, 0/17 HPs)
             Began as an Octopode Wizard on Oct 6, 2018.
             Slain by a jackal (1 damage)
             ... on level 1 of the Dungeon.
             The game lasted 00:00:20 (152 turns).

Monsterracer the Magician (Octopode Wizard)          Turns: 152, Time: 00:00:21

Health: 0/17       AC:  1    Str:  6    XL:     2   Next: 4%
Magic:  1/6        EV: 13    Int: 20    God:
Gold:   18         SH:  0    Dex: 10    Spells: 6/7 levels left

rFire    . . .     SeeInvis .   (no weapon)
rCold    . . .     Gourm    .   (no shield)
rNeg     . . .     Faith    .   a - +0 hat
rPois    .         Spirit   .   (no amulet)
rElec    .         Reflect  .   (no ring)
rCorr    .         Harm     .   (no ring)
MR       .....                  (no ring)
Stlth    +++.......             (no ring)
HPRegen  0.05/turn              (no ring)
MPRegen  0.10/turn              (no ring)
                                (no ring)
                                (no ring)

@: no status effects
A: almost no armour, stealthy swim, amphibious, 8 rings, constrict 8, camouflage
1, gelatinous body 1
a: no special abilities


You were on level 1 of the Dungeon.
You were not hungry.

You visited 1 branch of the dungeon, and saw 1 of its levels.

You collected 18 gold pieces.

Inventory:

Hand Weapons
 d - a cursed -2 dagger
Armour
 a - a +0 hat (worn)
Potions
 b - a potion of agility {unknown}
Comestibles
 c - a ration


   Skills:
 - Level 2.0 Dodging
 - Level 2.6 Stealth
 - Level 3.0 Spellcasting
 + Level 2.0 Conjurations
   Level 1.0 Summonings
   Level 1.0 Translocations


You had 6 spell levels left.
You knew the following spells:

 Your Spells              Type           Power        Failure   Level  Hunger
a - Magic Dart            Conj           ##..         6%          1    None

Your spell library contained the following spells:

 Spells                   Type           Power        Failure   Level  Hunger
 Blink                    Tloc           N/A          14%         2    ##.....
 Call Imp                 Summ           #.......     14%         2    ##.....
 Slow                     Hex            #.......     22%         2    ##.....
 Conjure Flame            Conj/Fire      #.......     28%         3    ###....
 Mephitic Cloud           Conj/Pois/Air  #.......     32%         3    ###....


Dungeon Overview and Level Annotations

Branches:
Dungeon (1/15)

Altars:


Innate Abilities, Weirdness & Mutations

You cannot wear most types of armour.
You are very stealthy in the water. (Stealth+)
You are amphibious.
You can wear up to eight rings at the same time.
You can use your tentacles to constrict eight enemies at once.
Your skin changes colour to match your surroundings (Stealth+).
Your rubbery body absorbs attacks. (AC +1, EV +1)


Message History

The magic dart hits the goblin.
The goblin is severely wounded.
The jackal barks!
The goblin closely misses you.
You now have 2/4 mp.
Casting: Magic Dart (safe; 8% risk of failure)
Confirm with . or Enter, or press ? or * to list all spells.
Aiming: Magic Dart (safe; 8% risk of failure)
Press: ? - help, Shift-Dir - straight line, f/p - goblin
Aim: a goblin, wielding a dagger (severely wounded)
You miscast Magic Dart.
You are very lightly contaminated with residual magic.
Sparks fly from your tentacles!
A jackal comes into view.
The goblin barely misses you.
You now have 1/4 mp.
The jackal barks!
You tentacle-slap the goblin.
You kill the goblin!
A jackal comes into view.
Things that are here:
a dagger; a goblin corpse The jackal misses you.
Casting: Magic Dart (safe; 7% risk of failure)
Confirm with . or Enter, or press ? or * to list all spells.
Aiming: Magic Dart (safe; 7% risk of failure)
Press: ? - help, Shift-Dir - straight line, f - jackal
Aim: a jackal The magic dart hits the jackal.
The jackal barely misses you.
You now have 0/4 mp.
You barely miss the jackal.
The jackal barks!
Your grab misses the jackal. The jackal bites you. The jackal misses you.
You take 1 damage, and have 10/11 hp.
You tentacle-slap the jackal. Your grab misses the jackal.
Your squeeze misses the jackal.
The jackal is heavily wounded.
You tentacle-slap the jackal. Your grab misses the jackal.
Your squeeze misses the jackal.
The jackal is moderately wounded.
The jackal bites you but does no damage.
You tentacle-slap the jackal. You grab the jackal. You squeeze the jackal.
You kill the jackal!
Casting: Magic Dart (safe; 7% risk of failure)
Confirm with . or Enter, or press ? or * to list all spells.
Aiming: Magic Dart (safe; 7% risk of failure)
Press: ? - help, Shift-Dir - straight line, f/p - jackal
Aim: a jackal (heavily wounded)
The magic dart hits the jackal.
The jackal is severely wounded.
The jackal misses you.
Health restored: 11 You now have 0/4 mp.
You closely miss the jackal. Your grab misses the jackal.
You squeeze the jackal, but do no damage.
The jackal is severely wounded.
The jackal bites you. The jackal barely misses you.
You take 3 damage, and have 8/11 hp.
MASSIVE DAMAGE!!
You completely miss the jackal. You grab the jackal.
The jackal is severely wounded.
You constrict the jackal. The jackal barely misses you.
You tentacle-slap the jackal but do no damage.
The jackal is almost dead.
You constrict the jackal, but do no damage.
The jackal bites you.
* * * LOW HITPOINT WARNING * * *
The jackal bites you.
* * * LOW HITPOINT WARNING * * *
You take 5 damage, and have 3/11 hp.
MASSIVE DAMAGE!!
You tentacle-slap the jackal.
You kill the jackal!
Your Conjurations skill increases to level 2!
You have reached level 2!
The jackal barely misses you. The jackal bites you.
* * * LOW HITPOINT WARNING * * *
There is an open door here.
You take 1 damage, and have 4/17 hp.
The jackal bites you.
* * * LOW HITPOINT WARNING * * *
Your magical contamination has completely faded away.
You take 1 damage, and have 3/17 hp.
Casting: Magic Dart (safe; 6% risk of failure)
Confirm with . or Enter, or press ? or * to list all spells.
Aiming: Magic Dart (safe; 6% risk of failure)
Press: ? - help, Shift-Dir - straight line, f - jackal
Aim: a jackal The magic dart hits the jackal.
The jackal barely misses you.
You now have 0/6 mp.
The jackal barely misses you.
Things that are here:
a dagger; a goblin corpse The jackal bites you.
* * * LOW HITPOINT WARNING * * *
You take 2 damage, and have 1/17 hp.
The jackal bites you but does no damage.
You see here a glowing dagger.
d - a glowing dagger The jackal bites you.
You die...

######......#
............# #......#
#)#..#.# #.##.#.#
#.##'#.# #.#....# #
#h.....## ### #
#@......## ##.###
#........####...##
#........'.......#
#........#.#.#.#.#
######..##........
######## #.#####.##+##
#......# ### #..#...#
#.<....#########.+...'
#..........##....#...#


You could see a jackal.

Vanquished Creatures
  A leopard gecko (D:1)
  A giant cockroach (D:1)
  A goblin (D:1)
  2 jackals (D:1)
5 creatures vanquished.

Notes
Turn   | Place    | Note
-------+----------+-------------------------------------------
     0 | D:1      | Monsterracer the Octopode Wizard began the quest for the
                  | Orb.
     0 | D:1      | Reached XP level 1. HP: 11/11 MP: 4/4
   136 | D:1      | HP: 5/11 [jackal (3)]
   137 | D:1      | Reached XP level 2. HP: 4/17 MP: 0/6
   141 | D:1      | HP: 4/17 [jackal (1)]
   148 | D:1      | HP: 1/17 [jackal (2)]
   152 | D:1      | Slain by a jackal

Skill      XL: |  1 |
---------------+----+-----
Conjurations   | 2 |  2.0
Dodging        | |  2.0
Stealth        | |  2.6
Spellcasting   | |  3.0
Summonings     | |  1.0
Translocations | |  1.0

Action                   || total
-------------------------++-------
Melee: Unarmed           ||     9
       Constrict         ||     2
       Tentacles         ||     2
 Cast: Magic Dart        ||     9
Armor: Skin              ||     2
Dodge: Dodged            ||    11

Vault maps used:
D:1:      elethiomel_arrival_shortcut, minmay_misc_feat_doors,
          minmay_shallow_snake_nest
